 Dungeon Crawl Stone Soup version 0.17.1-1-g73c8601 (webtiles) character file.

613 Miyamura the Sneak (level 7, 0/35 HPs)
             Began as a Vine Stalker Enchanter on Dec 14, 2015.
             Slain by Edmund
             ... wielding a +0 flail of protection
              (6 damage)
             ... on level 5 of the Dungeon.
             The game lasted 00:21:11 (4405 turns).

Miyamura the Sneak (Vine Stalker Enchanter)         Turns: 4405, Time: 00:21:14

Health: 0/35       AC:  3    Str: 15    XL:     7   Next: 44%
Magic:  0/13       EV: 13    Int: 13    God:
Gold:   215        SH:  0    Dex: 16    Spells: 3 memorised, 7 levels left

rFire  . . .     SeeInvis +     E - +7 long sword "Ovvouriv" {holy, Str+5 Int-3 SInv Stlth+}
rCold  . . .     Clarity  .     m - +0 robe {MR+}
rNeg   . . .     SustAt   .     (no shield)
rPois  .         Gourm    .     (no helmet)
rElec  .         Spirit   +     x - +0 cloak
rCorr  .         Warding  .     (no gloves)
rMut   .         Stasis   .     (no boots)
MR     +....                    b - amulet of rage
Stlth  ++++......               (no ring)
                                (no ring)

@: somewhat resistant to hostile enchantments, stealthy
A: fangs 2, regeneration 2, magic shield, antimagic bite, no device heal 3, rot
immunity
a: Evoke Berserk Rage


You were on level 5 of the Dungeon.
You were not hungry.

You visited 1 branch of the dungeon, and saw 5 of its levels.

You collected 215 gold pieces.

Inventory:

Hand Weapons
 i - a +0 hunting sling
 u - a +0 blowgun
 D - a +2 dagger of freezing
 E - the +7 long sword "Ovvouriv" (weapon) {holy, Str+5 Int-3 SInv Stlth+}
   (You found it on level 5 of the Dungeon)

   It has been blessed by the Shining One to cause great damage to the undead
   and demons.
   It affects your strength (+5).
   It affects your intelligence (-3).
   It lets you see invisible.
   It makes you more stealthy.
Missiles
 p - 15 exploding sling bullets (quivered)
 v - 10 poisoned needles
Armour
 m - a +0 robe of magic resistance (worn)
 x - a +0 cloak (worn)
Jewellery
 b - an amulet of rage (around neck)
Wands
 l - a wand of magic darts (16)
 w - a wand of frost (45)
Scrolls
 f - 3 scrolls of teleportation
 q - a scroll of fog
 t - a scroll of fear
Potions
 a - a potion of invisibility {unknown}
 e - a potion of brilliance
 j - a potion of flight {unknown}
 o - a potion of curing
 r - a potion of lignification
 s - a potion of ambrosia {unknown}
 z - a potion of heal wounds {unknown}
 B - a potion of agility {unknown}
Books
 c - a book of Maledictions

   Spells                             Type                      Level
   a - Corona                         Hexes                        1
   b - Ensorcelled Hibernation        Hexes/Ice                    2
   c - Confuse                        Hexes                        3
   d - Tukima's Dance                 Hexes                        3
   e - Dazzling Spray                 Conjuration/Hexes            3
Comestibles
 d - 4 bread rations
 g - a royal jelly
 h - 4 meat rations
 k - 3 chunks of flesh
 n - 2 beef jerkies
 A - a slice of pizza
 C - 3 fruits


   Skills:
 + Level 2.2 Fighting
 - Level 2.8 Short Blades
 + Level 0.0(1.5) Long Blades
 + Level 3.1 Dodging
 - Level 5.7 Stealth
 + Level 3.6 Spellcasting
 + Level 4.4 Hexes


You had 7 spell levels left.
You knew the following spells:

 Your Spells              Type           Power        Failure   Level  Hunger
a - Corona                Hex            ##.....      4%          1    #......
c - Confuse               Hex            ##......     12%         3    ###....
e - Ensorcelled Hibernat  Hex/Ice        #.....       14%         2    ##.....


Dungeon Overview and Level Annotations

Branches:
Dungeon (5/15)
 Temple: D:4-7

Altars:

Annotations:
D:3 DEFE's ghost, amateur OpFi
D:5 Edmund


Innate Abilities, Weirdness & Mutations

You have extremely sharp teeth.
You heal very quickly.
When hurt, damage is shared between your health and your magic reserves.
Your bite disrupts and absorbs the magic of your enemies.
Potions and wands cannot restore your health.
You are immune to rotting.


Message History

Edmund is moderately wounded.
Edmund hits you with a flail of protection!
You hit Edmund. Your bite misses Edmund.
Edmund is moderately wounded.
Edmund hits you with a flail of protection!
You hit Edmund but do no damage. You bite Edmund, but do no damage.
Edmund is moderately wounded.
Edmund hits you with a flail of protection!
* * * LOW HITPOINT WARNING * * *
A jackal comes into view.
The jackal barks!
The jackal completely misses you.
You hear a bark!
You hit the jackal. You bite the jackal. You drain its power.
You feel invigorated.
The jackal is severely wounded.
Edmund hits you with a flail of protection!
* * * LOW HITPOINT WARNING * * *
Edmund hits you with a flail of protection!
You die...

##############
#...#........+
#.#.#.########
#####.#@@h.#
#.......#..# #.+....
#..%..#.#h.# #.#......
#.....+.#..#####.#.....#
#.....###......#.#.###.#
........#
##.###+#.......##
#######..
#.##.......##... #.#
#..'.......##... ..#
####............


You could see Edmund and 2 jackals.

Vanquished Creatures
  2 phantoms (D:4)
  An ogre (D:4)
  A giant frog skeleton (D:5)
  Crazy Yiuf (D:3)
  Jessica (D:2)
  An iguana (D:4)
  Robin (D:3)
  4 gnolls (D:2)
  10 adders
  2 oozes
  2 worms
  3 giant geckos
  3 orcs (D:4)
  10 bats
  4 giant cockroaches
  17 goblins
  8 hobgoblins
  13 jackals
  A ball python (D:2)
  A giant gecko skeleton (D:4)
  5 giant newts
  2 kobolds
  2 quokkas
  6 rats
101 creatures vanquished.

Notes
Turn   | Place    | Note
--------------------------------------------------------------
     0 | D:1      | Miyamura the Vine Stalker Enchanter began the quest for the Orb.
     0 | D:1      | Reached XP level 1. HP: 9/9 MP: 4/4
    99 | D:1      | Learned a level 1 spell: Corona
   275 | D:1      | Reached skill level 1 in Short Blades
   275 | D:1      | Reached XP level 2. HP: 13/13 MP: 1/6
   329 | D:1      | Learned a level 2 spell: Ensorcelled Hibernation
   870 | D:1      | Reached XP level 3. HP: 16/16 MP: 3/7
  1005 | D:2      | Noticed Jessica
  1027 | D:1      | Learned a level 3 spell: Confuse
  1041 | D:2      | Killed Jessica
  1041 | D:2      | Reached skill level 4 in Stealth
  1061 | D:2      | Reached XP level 4. HP: 21/21 MP: 4/8
  1438 | D:2      | Reached skill level 1 in Fighting
  1485 | D:2      | Reached XP level 5. HP: 25/25 MP: 10/10
  2132 | D:3      | Noticed Crazy Yiuf
  2138 | D:3      | Killed Crazy Yiuf
  2216 | D:3      | Noticed DEFE's ghost (amateur OpFi)
  2511 | D:3      | Gained mutation: You heal very quickly. [Vine Stalker growth]
  2511 | D:3      | Reached XP level 6. HP: 26/30 MP: 6/11
  2557 | D:3      | Noticed Robin
  2834 | D:3      | Killed Robin
  3075 | D:4      | Reached skill level 5 in Stealth
  3414 | D:4      | Reached XP level 7. HP: 21/34 MP: 10/13
  4155 | D:5      | Entered Level 5 of the Dungeon
  4383 | D:5      | Got a scorched long sword
  4384 | D:5      | Identified the +7 long sword "Ovvouriv" {holy, Str+5 Int-3 SInv Stlth+} (You found it on level 5 of the Dungeon)
  4393 | D:5      | Noticed Edmund
  4405 | D:5      | Slain by Edmund

Action                   |  1- 3 |  4- 6 |  7- 9 || total
-------------------------+-------+-------+-------++-------
Melee: Dagger            |    73 |   136 |    65 ||   274
       Blowgun           |       |    25 |       ||    25
       Long sword        |       |       |     5 ||     5
 Fire: Blowgun           |       |    46 |       ||    46
 Cast: Corona            |    11 |       |       ||    11
       Ensorcelled Hiber |     3 |    26 |     3 ||    32
       Confuse           |     2 |     9 |     8 ||    19
Evoke: Wand              |     1 |       |       ||     1
  Use: Scroll            |     6 |     8 |     1 ||    15
 Stab: Sleeping          |     8 |    30 |     5 ||    43
       Confused          |       |     3 |     2 ||     5
  Eat: Chunk             |     1 |    10 |     5 ||    16
